 Dungeon Crawl Stone Soup version 0.21-a0-286-g6fcecc0 (webtiles) character file.

54 zero the Skirmisher (level 3, -9/24 HPs)
             Began as a Gargoyle Berserker on Sept 26, 2017.
             Was a Believer of Trog.
             Killed from afar by a worm (32 damage)
             ... with an exploding inner flame
             ... hexed by the player character
             ... on level 2 of the Dungeon.
             The game lasted 00:02:29 (1318 turns).

zero the Skirmisher (Gargoyle Berserker)            Turns: 1318, Time: 00:02:30

Health: -9/24      AC: 14    Str: 21    XL:     3   Next: 91%
Magic:  3/3        EV: 11    Int:  7    God:    Trog [**....]
Gold:   56         SH:  0    Dex:  9    Spells: 2/2 levels left

rFire    . . .     SeeInvis .   a - +1 hand axe
rCold    . . .     Gourm    .   (no shield)
rNeg     + . .     Faith    .   j - +1 ring mail
rPois    ∞         Spirit   .   i - +2 hat
rElec    +         Reflect  .   (no cloak)
rCorr    .         Harm     .   (no gloves)
MR       .....                  (no boots)
Stlth    ..........             d - amulet of inaccuracy
HPRegen  0.08/turn              o - +3 ring of protection
MPRegen  0.08/turn              (no ring)

@: no status effects
A: negative energy resistance 1, electricity resistance, unbreathing,
petrification resistance, rot immunity, AC +3
a: Berserk, Trog's Hand, Burn Spellbooks, Renounce Religion


You were on level 2 of the Dungeon.
You worshipped Trog.
Trog was pleased with you.
You were hungry.

You visited 1 branch of the dungeon, and saw 2 of its levels.

You collected 56 gold pieces.

Inventory:

Hand Weapons
 a - a +1 hand axe (weapon)
Armour
 b - a +0 animal skin
 i - a +2 hat (worn)
 j - a +1 ring mail (worn)
Jewellery
 d - an amulet of inaccuracy (around neck)
 o - a +3 ring of protection (left hand)
Potions
 e - a potion of lignification {unknown}
 f - 2 potions of might
 g - a potion of cancellation {unknown}
 h - a potion of heal wounds
 k - a potion of resistance {unknown}
 n - a potion of brilliance {unknown}
 q - 2 potions of curing {unknown}
Comestibles
 c - 2 bread rations
 l - 2 chunks of flesh
 m - a meat ration


   Skills:
 + Level 3.7 Fighting
 * Level 3.6 Axes
 + Level 2.9 Armour
 - Level 1.5 Dodging


You had 2 spell levels left.
You didn't know any spells.

Dungeon Overview and Level Annotations

Branches:
Dungeon (2/15)

Altars:


Innate Abilities, Weirdness & Mutations

You are resistant to torment.
Your stone body is resilient. (AC +3)
You are immune to poison.
You resist negative energy. (rN+)
You are resistant to electric shocks. (rElec)
You can survive without breathing.
You are immune to petrification.
You are immune to rotting.


Message History

The worm closely misses you.
You closely miss the worm.
The worm is severely wounded.
The worm misses you.
You closely miss the worm.
The worm is severely wounded.
You slash the worm!
The worm is almost dead.
The worm misses you.
You barely miss the worm.
The worm is almost dead.
The worm bites you.
You barely miss the worm.
The worm is almost dead.
The worm bites you but does no damage.
You slash the worm!
The worm explodes!
The fiery explosion engulfs you!
Ouch! That really hurt!
You die...

......####...#
.............+
........#....#
......###....#
#####.# #....#
#.# #....# #.#
#....# #.#
#....#########..
#.#
#.#.....@§§.....
#.#..##########.
#.#..# #....#
###.## #.# #.#
..#


There were no monsters in sight!

Vanquished Creatures
  2 oozes
  A worm (D:2)
  A dart slug (D:1)
  A leopard gecko (D:1)
  4 giant cockroaches
  6 goblins
  5 hobgoblins
  4 kobolds
  2 quokkas (D:2)
  5 bats (D:1)
  3 frilled lizards
  A rat (D:1)
35 creatures vanquished.

Notes
Turn   | Place    | Note
-------+----------+-------------------------------------------
     0 | D:1      | zero the Gargoyle Berserker began the quest for the Orb.
     0 | D:1      | Reached XP level 1. HP: 14/14 MP: 1/1
   158 | D:1      | Reached XP level 2. HP: 15/19 MP: 2/2
   455 | D:1      | Reached XP level 3. HP: 19/23 MP: 3/3
   991 | D:2      | Reached ** piety under Trog
  1318 | D:2      | Killed from afar by a worm

Vault maps used:
D:1:      onia_arrival_mini_spirals

Skill      XL: |  1  2 |
---------------+-------+-----
Axes           | 3 |  3.6
Fighting       | |  3.7
Armour         | |  2.9
Dodging        | |  1.5

Action                   || total
-------------------------++-------
Melee: Hand axe          ||   161
  Use: Scroll            ||     7
 Stab: Sleeping          ||     1
  Eat: Chunk             ||     1
Armor: Animal skin       ||    15
       Ring mail         ||    42
Dodge: Dodged            ||    99

Table legend:
 A = Spawn XP
 B = Non-spawn XP
 C = Spawn XP percentage of total XP
 D = Spawn monster count
 E = Non-spawn monster count
 F = Spawn count percentage of total count
 G = Total turns spent on level
                    A         B        C        D         E        F      G
               +---------+---------+-------+---------+---------+-------+---------
         Total |       0 |      78 |   0.0 |       0 |      35 |   0.0 |  1318
               +---------+---------+-------+---------+---------+-------+---------
           D:1 |       0 |      52 |   0.0 |       0 |      25 |   0.0 |   961
           D:2 |       0 |      26 |   0.0 |       0 |      10 |   0.0 |   357
               +---------+---------+-------+---------+---------+-------+---------
